 Dungeon Crawl Stone Soup version 0.30-a0-800-g7c544603b3 (webtiles) character file.

Game seed: 9587917585719259789

1448 Newt the Skirmisher (level 9, -1/54 HPs)
             Began as a Kobold Hunter on Feb 21, 2023.
             Slain by a gnoll sergeant
             ... wielding a +0 trident
              (5 damage)
             ... on level 6 of the Dungeon.
             The game lasted 00:04:39 (5317 turns).

Newt the Skirmisher (Kobold Hunter)                 Turns: 5317, Time: 00:04:40

Health: -1/54      AC: 10    Str:  8    XL:     9   Next: 4%
Magic:  9/9        EV: 13    Int: 10    God:
Gold:   293        SH:  0    Dex: 23    Spells: 8/8 levels left

rFire   . . .      SeeInvis .    a - +0 shortbow
rCold   . . .      Faith    .    (shield currently unavailable)
rNeg    . . .      Spirit   .    l - +0 swamp dragon scales
rPois   +          Reflect  .    (no helmet)
rElec   .          Harm     .    i - +0 cloak
rCorr   .          Rampage  .    (no gloves)
Will    .....                    (no boots)
Stlth   +++                      k - amulet of regeneration
HPRegen 1.09/turn                m - ring of poison resistance
MPRegen 0.11/turn                (no ring)

@: brilliant, flying
A: small, no large weapons, nightstalker 3
a: no special abilities


You were on level 6 of the Dungeon.
You visited 2 branches of the dungeon, and saw 7 of its levels.

You collected 293 gold pieces.

Inventory:

Hand Weapons
 a - a +0 shortbow (weapon)
Armour
 c - a +0 leather armour
 i - a +0 cloak (worn)
 l - +0 swamp dragon scales (worn)
Jewellery
 k - an amulet of regeneration (around neck)
 m - a ring of poison resistance (left hand)
 s - a ring of ice
 v - a ring of ice
Scrolls
 b - 2 scrolls of immolation
 d - 2 scrolls of fear
 h - a scroll of fog
 j - a scroll of torment
 p - 3 scrolls of teleportation
 q - a scroll of identify
 t - a scroll of enchant weapon {unknown}
Potions
 e - a potion of haste
 f - 3 potions of curing
 g - a potion of cancellation
 n - a potion of attraction
 o - 2 potions of lignification


   Skills:
 - Level 5.0 Fighting
 - Level 10.0 Ranged Weapons
 + Level 5.9 Armour
 - Level 2.4 Dodging
 - Level 1.3 Stealth


You had 8 spell levels left.
You didn't know any spells.
Your spell library contained the following spells:

 Spells                   Type           Power      Damage    Failure   Level
 Gell's Gravitas          Tloc           0%         N/A       97%         3
 Teleport Other           Tloc           0%         N/A       97%         3
 Dispersal                Tloc           0%         N/A       100%        6


Dungeon Overview and Level Annotations

Branches:
Dungeon (6/15)             Temple (1/1) D:5

Altars:
Cheibriados
Dithmenos
Fedhas
Gozag
Kikubaaqudgha
Nemelex Xobeh
Okawaru
Qazlal
Ru
Trog
Uskayaw
Vehumet
Xom
Yredelemnul
Zin

Shops:
D:6 =


Innate Abilities, Weirdness & Mutations

You are small and have problems with some larger weapons.
You are completely attuned to the shadows.


Message History

You shoot an arrow. The arrow hits the gnoll sergeant!
The gnoll sergeant is heavily wounded.
The gnoll sergeant hits you from afar with a +0 trident.
Fire: a) +0 shortbow
Press: ? - help, Shift-Dir - straight line, f/p - gnoll sergeant
Aim: a gnoll sergeant, wielding a +0 trident and wearing a +0 scale mail (heavily wounded, 75% to hit)
You shoot an arrow.
The arrow hits the gnoll sergeant but does no damage.
The gnoll sergeant is heavily wounded.
The gnoll sergeant hits you from afar with a +0 trident!
* * * LOW HITPOINT WARNING * * *
Fire: a) +0 shortbow
Press: ? - help, Shift-Dir - straight line, f/p - gnoll sergeant
Aim: a gnoll sergeant, wielding a +0 trident and wearing a +0 scale mail (heavily wounded, 75% to hit)
You shoot an arrow.
The arrow hits the gnoll sergeant but does no damage.
The gnoll sergeant is heavily wounded.
The gnoll sergeant hits you from afar with a +0 trident.
* * * LOW HITPOINT WARNING * * *
It was a potion of brilliance.
You feel clever all of a sudden. The gnoll sergeant closely misses you.
It was a potion of flight.
You feel very buoyant.
You fly up into the air.
The gnoll sergeant closely misses you.
Fire: a) +0 shortbow
Press: ? - help, Shift-Dir - straight line, f/p - gnoll sergeant
Aim: a gnoll sergeant, wielding a +0 trident and wearing a +0 scale mail (heavily wounded, 75% to hit)
You shoot an arrow.
The arrow closely misses the gnoll sergeant.
The gnoll sergeant hits you from afar with a +0 trident.
* * * LOW HITPOINT WARNING * * *
Fire: a) +0 shortbow
Press: ? - help, Shift-Dir - straight line, f/p - gnoll sergeant
Aim: a gnoll sergeant, wielding a +0 trident and wearing a +0 scale mail (heavily wounded, 75% to hit)
You shoot an arrow. The arrow hits the gnoll sergeant.
The gnoll sergeant is heavily wounded.
The gnoll sergeant closely misses you.
The gnoll sergeant hits you from afar with a +0 trident.
You die...

#### .#####.##.# #.#
##.##.### #.#
#.......#########.#
.....##.....[.......#
........#.###########
.......>#.#
######..#.# #..#.#
#@# #.# #g# #)# ..#
).## #..


You could see a gnoll sergeant.

Vanquished Creatures
  Sigmund (D:2)
  Menkaure (D:5)
  A black bear (D:5)
  2 ogres
  A centaur (D:5)
  A phantom (D:5)
  2 necrophages (D:5)
  A scorpion (D:5)
  2 jellies
  3 hounds
  Crazy Yiuf (D:5)
  Terence (D:2)
  Jessica (D:2)
  Natasha (twice) (D:2)
  An iguana (D:5)
  An orc wizard (D:3)
  10 gnolls
  7 adders
  A white imp (D:5)
  3 worms
  2 dart slugs
  5 orcs
  4 bats
  5 endoplasms
  5 giant cockroaches
  5 goblins
  13 hobgoblins
  5 quokkas
  7 ball pythons
  3 frilled lizards
  3 kobolds
  8 rats
108 creatures vanquished.

Notes
Turn   | Place    | Note
-------+----------+-------------------------------------------
     0 | D:1      | Newt the Kobold Hunter began the quest for the Orb.
     0 | D:1      | Reached XP level 1. HP: 12/12 MP: 1/1
    92 | D:1      | Reached XP level 2. HP: 18/18 MP: 2/2
   476 | D:1      | Reached XP level 3. HP: 23/23 MP: 3/3
  1003 | D:2      | Noticed Sigmund
  1157 | D:2      | Killed Sigmund
  1158 | D:2      | Reached skill level 5 in Fighting
  1158 | D:2      | Reached skill level 7 in Ranged Weapons
  1158 | D:2      | Reached XP level 4. HP: 17/31 MP: 4/4
  1158 | D:2      | Reached XP level 5. HP: 20/35 MP: 5/5
  1158 | D:2      | Reached XP level 6. HP: 23/40 MP: 6/6
  1278 | D:2      | Noticed Terence
  1285 | D:2      | Killed Terence
  1522 | D:2      | Noticed Natasha
  1524 | D:2      | Killed Natasha
  1618 | D:2      | Reached skill level 8 in Ranged Weapons
  1918 | D:2      | Noticed Jessica
  1921 | D:2      | Killed Jessica
  2046 | D:2      | Noticed Natasha
  2052 | D:2      | Killed Natasha
  2317 | D:3      | Reached XP level 7. HP: 30/44 MP: 7/7
  2737 | D:3      | Found a sparkling altar of Nemelex Xobeh.
  2882 | D:4      | Reached skill level 9 in Ranged Weapons
  3465 | D:4      | Reached skill level 10 in Ranged Weapons
  3580 | D:4      | Found a shadowy altar of Dithmenos.
  3580 | D:4      | Found a stormy altar of Qazlal.
  3580 | D:4      | Found a shimmering altar of Xom.
  3584 | D:4      | Found an opulent altar of Gozag.
  3584 | D:4      | Found an iron altar of Okawaru.
  3584 | D:4      | Found a hide-covered altar of Uskayaw.
  3929 | D:5      | Entered Level 5 of the Dungeon
  3966 | D:5      | Reached skill level 1 in Armour
  4014 | D:5      | Reached XP level 8. HP: 49/49 MP: 8/8
  4016 | D:5      | Found a staircase to the Ecumenical Temple.
  4083 | D:5      | Noticed Menkaure
  4090 | D:5      | Killed Menkaure
  4095 | Temple   | Entered the Ecumenical Temple
  4316 | D:5      | Found an ancient bone altar of Kikubaaqudgha.
  4636 | D:5      | Reached skill level 5 in Armour
  4839 | D:5      | Found an iron altar of Okawaru.
  5022 | D:5      | Found a runed translucent door.
  5025 | D:5      | Noticed Crazy Yiuf
  5031 | D:5      | Killed Crazy Yiuf
  5152 | D:6      | Reached XP level 9. HP: 51/54 MP: 9/9
  5214 | D:6      | Found Kuosuis's Jewellery Boutique.
  5317 | D:6      | Slain by a gnoll sergeant

Illustrated notes

Levels and vault maps discovered:
D:1:      lightli_molten_gateway, layout_loops_corners
D:2:      layout_loops_ring, feat_on_display, uniq_sigmund, uniq_jessica,
          uniq_natasha, uniq_terence
D:3:      layout_rooms, nemelex_dance_club_becter, minmay_fountain_box,
          reono_crystal_passage
D:4:      layout_cave_pods, doesnt_xom_only_xom, minmay_ruptured
D:5:      layout_basic, mainiacjoe_overflow_alcove_1, old_standard_altar,
          minmay_temple_entry_statues_fountains, supply_closet_lemuel,
          uniq_crazy_yiuf_cottage, uniq_menkaure
D:6:      layout_loops_ring, nicolae_wu_jian_immortal_techniques, serial_shops,
          nicolae_shop_advertising_works [nicolae_subvault_shop_adworks],
          uniq_grinder
Temple:   bh_familiar_temple

Skill      XL: |  1  2  3  4  5  6  7  8 |
---------------+-------------------------+-----
Fighting       | 3 5 |  5.0
Ranged Weapons | 7 8 10 | 10.0
Armour         | 2 5 |  5.9
Dodging        | |  2.4
Stealth        | |  1.3

Action                     |  1- 3 |  4- 6 |  7- 9 || total
---------------------------+-------+-------+-------++-------
   Fire: Shortbow          |    69 |    73 |   210 ||   352
    Use: Scroll            |     3 |     1 |     5 ||     9
         Potion            |       |     2 |     2 ||     4
 Armour: Leather armour    |     4 |     4 |       ||     8
         Swamp dragon scal |       |     5 |    41 ||    46
  Dodge: Dodged            |    26 |    17 |    74 ||   117

Table legend: (Time is in decaauts)
 A = Elapsed time spent in this place.
 B = Non-inter-level travel time spent in this place.
 C = Inter-level travel time spent in this place.
 D = Time resting spent in this place.
 E = Time spent auto-exploring this place.
 F = Levels seen in this place.
 G = Mean time per level.
                   A        B        C        D        E       F      G
               +--------+--------+--------+--------+--------+-----+--------+
         Total |   5387 |   5226 |    161 |    344 |   4174 |   7 |  769.6 |
       Dungeon |   5191 |   5044 |    147 |    344 |   3997 |   6 |  865.2 |
        Temple |    195 |    181 |     14 |      0 |    177 |   1 |  195.0 |
               +--------+--------+--------+--------+--------+-----+--------+

Top non-repeatable levels by time:
     D:4: 1162 daAuts
     D:1: 1159 daAuts
     D:5: 977 daAuts
     D:2: 941 daAuts
     D:3: 717 daAuts
     D:6: 232 daAuts
  Temple: 195 daAuts
